 Dungeon Sprint DCSS version 0.23-a0-80-gc95c2c7 (webtiles) character file.

35137 Kidiri the Eclecticist (level 12, -1/73 HPs)
             Began as a Deep Elf Fire Elementalist on Aug 12, 2018.
             Was the Champion of Vehumet.
             Slain by a dire elephant (33 damage)
             ... in the Dungeon (Sprint III: "The Ten Rune Challenge").
             The game lasted 00:38:56 (4862 turns).

Kidiri the Eclecticist (Deep Elf Fire Elementalist) Turns: 4862, Time: 00:38:57

Health: -1/73      AC:  7    Str:  5    XL:     12   Next: 60%
Magic:  15/36      EV: 19    Int: 28    God:    Vehumet [******]
Gold:   115        SH:  0    Dex: 15    Spells: 6/48 levels left

rFire    . . .     SeeInvis .   k - +1 dagger (elec)
rCold    + . .     Gourm    .   (no shield)
rNeg     . . .     Faith    .   s - +3 leather armour
rPois    .         Spirit   .   (no helmet)
rElec    .         Reflect  .   (no cloak)
rCorr    .         Harm     .   (no gloves)
MR       +....     NoTele   +   (no boots)
Stlth    ++++......             (no amulet)
HPRegen  0.22/turn              (no ring)
MPRegen  0.25/turn              (no ring)

@: no status effects
A: camouflage 2, clever 1, cold resistance 1
}: 1/10 runes: barnacled
a: Renounce Religion


You were in the Dungeon.
You worshipped Vehumet.
Vehumet was exalted by your worship.
You were not hungry.

You visited 1 branch You collected 115 gold pieces.

Inventory:

Hand Weapons
 k - a +1 dagger of electrocution (weapon)
Missiles
 b - 6 throwing nets (quivered)
Armour
 a - a +1 robe
 s - a +3 leather armour (worn)
Wands
 r - a wand of acid (9)
Scrolls
 i - a scroll of blinking
 j - a scroll of enchant weapon {unknown}
 l - 5 scrolls of immolation
 p - 6 scrolls of remove curse
Potions
 d - a potion of curing
 e - 2 potions of heal wounds
 g - 2 potions of magic
 h - 2 potions of berserk rage
 m - a potion of lignification {unknown}
 n - 4 potions of flight
 q - 2 potions of mutation
Comestibles
 c - 15 rations
 f - 8 chunks of flesh


   Skills:
 + Level 8.1 Fighting
 + Level 9.6 Short Blades
 + Level 8.1 Armour
 + Level 11.7 Dodging
 - Level 2.4 Stealth
 * Level 18.9 Spellcasting
 + Level 12.1 Conjurations
 + Level 12.3 Fire Magic
 + Level 6.2 Ice Magic
 + Level 9.6 Air Magic
 + Level 9.9 Earth Magic
 + Level 10.4 Poison Magic


You had 6 spell levels left.
You knew the following spells:

 Your Spells              Type           Power        Failure   Level  Hunger
a - Flame Tongue          Conj/Fire      #####        0%          1    None
b - Throw Flame           Conj/Fire      ######       1%          2    None
c - Conjure Flame         Conj/Fire      #######.     1%          3    None
d - Inner Flame           Hex/Fire       ######..     1%          3    None
e - Sticky Flame          Conj/Fire      #######.     1%          4    None
f - Fireball              Conj/Fire      #######...   1%          5    None
g - Bolt of Magma         Conj/Fire/Erth ######....   1%          5    None
h - Freezing Cloud        Conj/Ice/Air   ######....   2%          6    ##.....
i - Airstrike             Air            ######....   1%          4    None
j - Iron Shot             Conj/Erth      ######....   1%          6    ##.....
k - Mephitic Cloud        Conj/Pois/Air  ######..     1%          3    None

Your spell library contained the following spells:

 Spells                   Type           Power        Failure   Level  Hunger
 Magic Dart               Conj           ####         0%          1    None
 Slow                     Hex            ####....     3%          2    None
 Blink                    Tloc           N/A          3%          2    None
 Call Imp                 Summ           ####....     3%          2    None
 Statue Form              Tmut/Erth      ######...    43%         6    ##.....
 Shatter                  Erth           ######....   100%        9    #######
 Leda's Liquefaction      Hex/Erth       ######....   3%          4    None


Dungeon Overview and Level Annotations

Branches:
Dungeon (1/1)

Altars:
Cheibriados
Dithmenos
Elyvilon
Fedhas
Gozag
Hepliaklqana
Kikubaaqudgha
Makhleb
Nemelex Xobeh
Okawaru
Qazlal
Ru
Sif Muna
Trog
Uskayaw
Vehumet
Wu Jian
Xom
Yredelemnul
Zin
The Shining One
Beogh
Jiyva
Lugonu

Shops:
D }!(

Annotations:
D exclusion: 4 doors


Innate Abilities, Weirdness & Mutations

Your skin blends seamlessly with your surroundings (Stealth++).
Your mind is acute. (Int +2)
Your flesh is cold resistant. (rC+)


Message History

The dire elephant closely misses you. The dire elephant trunk-slaps you.
Casting: Bolt of Magma (safe; 1% risk of failure)
Confirm with . or Enter, or press ? or * to list all spells.
Aiming: Bolt of Magma (safe; 1% risk of failure)
Press: ? - help, Shift-Dir - straight line, f/p - dire elephant
Aim: a dire elephant (noxious fumes, heavily wounded, covered in liquid flames)
The bolt of magma hits the dire elephant.
The dire elephant is heavily wounded.
The dire elephant burns!
The dire elephant is engulfed in noxious fumes.
The dire elephant tramples you!!
You stumble backwards!
Casting: Bolt of Magma (safe; 1% risk of failure)
Confirm with . or Enter, or press ? or * to list all spells.
Aiming: Bolt of Magma (safe; 1% risk of failure)
Press: ? - help, Shift-Dir - straight line, f/p - dire elephant
Aim: a dire elephant (severely wounded, covered in liquid flames)
The bolt of magma hits the dire elephant.
The dire elephant is almost dead.
The dire elephant burns!
The dire elephant tramples you!!
You die...

▓.P.#≈≈≈§§§≈.≈≈')....#.≈♣♣♣♣♣♣
▓...#≈≈≈≈§§≈≈≈♣♣♣♣♣♣♣#..♣♣
..=#≈≈≈≈≈≈≈≈≈♣ ###+♣♣♣♣♣
▓##[####'#######♣ ♣♣♣♣.##..#
▓..........Y.Y..♣♣ ♣...##.##.
▓#+#############'♣ ♣♣.##.##(#
..J#≈......†....♣ ♣..#.##..
▓.JJ+≈≈...########♣♣ ♣♣.##.##.
▓..J#≈≈≈.§§§Y@.....♣ ♣♣.##.###
▓..J#≈≈≈≈§§§P......♣ ♣.....#
#+#############'############
▓............▓ ▓≈≈........≈≈▓
▓≈≈≈.....P≈≈≈▓ ▓≈≈≈≈≈..≈≈≈≈≈▓
▓≈≈≈≈≈≈≈≈≈≈≈≈▓ ▓≈≈≈≈≈≈≈≈≈≈≈≈▓


You could see a dire elephant (burning).

Vanquished Creatures
  Rupert (D)
  A kraken (D)
  Gastronok (D)
  A dire elephant (D)
  Erolcha (D)
  2 alligator snapping turtles (D)
  4 death yaks (D)
  Urug (D)
  A lindwurm (D)
  A deep elf mage (D)
  2 elephants (D)
  2 black mambas (D)
  2 spiny frogs (D)
  A komodo dragon (D)
  A rime drake (D)
  3 wandering mushrooms (D)
  A queen bee (D)
  2 tyrant leeches (D)
  8 blink frogs (D)
  4 snapping turtles (D)
  5 redbacks (D)
  A shadow (D)
  A spatial vortex (D)
  A swamp drake (D)
  A black mamba simulacrum (D)
  2 fire dragon simulacra (D)
  A necrophage (D)
  5 two-headed ogres (D)
  A water elemental (D)
  A scorpion (D)
  28 killer bees (D)
  A jelly (D)
  A wizard (D)
  Jessica (D)
  A necromancer (D)
  A wolf simulacrum (D)
  A kobold demonologist (D)
  3 humans (D)
  An ooze (D)
  A rat (D)
  A ballistomycete (D)
  6 plants (D)
  2 tentacles (D)
107 creatures vanquished.

Vanquished Creatures (collateral kills)
  3 killer bees (D)
3 creatures vanquished.

Vanquished Creatures (others)
  2 draconian scorchers (D)
  2 hydras (D)
  2 yaktaurs (D)
  6 hellions (D)
  A killer bee (D)
  An electric eel (D)
  A ballistomycete spore (D)
  7 plants (D)
  2 tentacles (D)
24 creatures vanquished.

Grand Total: 134 creatures vanquished

Notes
Turn   | Place    | Note
-------+----------+-------------------------------------------
     0 | D        | Kidiri the Deep Elf Fire Elementalist began the quest for the Orb.
     0 | D        | Reached XP level 1. HP: 10/10 MP: 6/6
     5 | D        | Reached skill level 4 in Spellcasting
    43 | D        | Noticed Jessica
    48 | D        | Killed Jessica
    48 | D        | Reached skill level 6 in Spellcasting
    48 | D        | Reached XP level 2. HP: 8/15 MP: 2/11
    48 | D        | Reached XP level 3. HP: 10/19 MP: 2/12
    52 | D        | Learned a level 2 spell: Throw Flame
    56 | D        | Learned a level 3 spell: Conjure Flame
    60 | D        | Learned a level 3 spell: Inner Flame
   101 | D        | Killed a hellion
   115 | D        | Killed a hellion
   117 | D        | Killed a hellion
   153 | D        | Killed a white draconian scorcher
   171 | D        | Killed a yaktaur
   199 | D        | Noticed a scorpion
   203 | D        | Killed a scorpion
   203 | D        | Reached skill level 8 in Spellcasting
   203 | D        | Reached skill level 5 in Fire Magic
   203 | D        | Reached XP level 4. HP: 24/24 MP: 10/16
   207 | D        | Killed a hellion
   208 | D        | Killed a hellion
   208 | D        | Killed a hellion
   224 | D        | Gained mutation: You are clumsy. (Dex -2) [potion of mutation]
   224 | D        | Gained mutation: You are partially covered in thin metallic scales. (AC +2) [potion of mutation]
   225 | D        | Lost mutation: You are clumsy. (Dex -2) [potion of mutation]
   225 | D        | Gained mutation: You can translocate small distances at will. [potion of mutation]
   226 | D        | Lost mutation: You can translocate small distances at will. [potion of mutation]
   226 | D        | Lost mutation: You are partially covered in thin metallic scales. (AC +2) [potion of mutation]
   226 | D        | Gained mutation: Your skin changes colour to match your surroundings (Stealth+). [potion of mutation]
   226 | D        | Gained mutation: Your flesh is cold resistant. (rC+) [potion of mutation]
   226 | D        | Gained mutation: Your skin blends seamlessly with your surroundings (Stealth++). [potion of mutation]
   226 | D        | Gained mutation: Your mind is acute. (Int +2) [potion of mutation]
   232 | D        | Learned a level 4 spell: Sticky Flame
   233 | D        | Killed a white draconian scorcher
   347 | D        | Noticed a water elemental
   349 | D        | Killed a water elemental
   349 | D        | Reached skill level 10 in Spellcasting
   349 | D        | Reached skill level 5 in Conjurations
   349 | D        | Reached XP level 5. HP: 28/28 MP: 11/19
   357 | D        | Learned a level 5 spell: Fireball
   396 | D        | Found a radiant altar of Vehumet.
   397 | D        | Found a deep blue altar of Sif Muna.
   397 | D        | Found an ancient bone altar of Kikubaaqudgha.
   417 | D        | Learned a level 3 spell: Mephitic Cloud
   417 | D        | Became a worshipper of Vehumet
   458 | D        | Found a glowing silver altar of Zin.
   459 | D        | Found a glowing golden altar of the Shining One.
   459 | D        | Found a white marble altar of Elyvilon.
   459 | D        | Noticed a deep elf mage
   464 | D        | Killed a deep elf mage
   464 | D        | Reached skill level 12 in Spellcasting
   464 | D        | Reached XP level 6. HP: 34/36 MP: 10/23
   464 | D        | Reached XP level 7. HP: 38/40 MP: 10/24
   471 | D        | Learned a level 5 spell: Bolt of Magma
   535 | D        | Found a hide-covered altar of Uskayaw.
   535 | D        | Found a roughly hewn altar of Beogh.
   535 | D        | Found an iron altar of Okawaru.
   535 | D        | Found a bloodstained altar of Trog.
   535 | D        | Found an ornate altar of the Wu Jian Council.
   535 | D        | Noticed a human
   535 | D        | Noticed a human
   542 | D        | Killed a human
   542 | D        | Reached skill level 5 in Dodging
   542 | D        | Reached skill level 1 in Earth Magic
   545 | D        | Killed a human
   545 | D        | Reached * piety under Vehumet
   545 | D        | Offered knowledge of Freeze by Vehumet.
   640 | D        | Found a basalt altar of Yredelemnul.
   640 | D        | Found a shadowy altar of Dithmenos.
   640 | D        | Found a sacrificial altar of Ru.
   730 | D        | Noticed a shadow
   734 | D        | Killed a shadow
   734 | D        | Offered knowledge of Sting by Vehumet.
   734 | D        | Reached ** piety under Vehumet
   734 | D        | Reached skill level 13 in Spellcasting
   734 | D        | Reached XP level 8. HP: 46/46 MP: 16/27
   742 | D        | Learned a level 6 spell: Iron Shot
   753 | D        | Killed a yaktaur
   798 | D        | Found a blossoming altar of Fedhas.
   798 | D        | Found a stormy altar of Qazlal.
   798 | D        | Found a snail-covered altar of Cheibriados.
   798 | D        | Found a burning altar of Makhleb.
   798 | D        | Found a shimmering altar of Xom.
   799 | D        | Found a hazy altar of Hepliaklqana.
   799 | D        | Found an opulent altar of Gozag.
   799 | D        | Found a sparkling altar of Nemelex Xobeh.
   799 | D        | Found a corrupted altar of Lugonu.
   799 | D        | Found a viscous altar of Jiyva.
   915 | D        | Reached *** piety under Vehumet
   929 | D        | Offered knowledge of Searing Ray by Vehumet.
   929 | D        | Reached skill level 5 in Poison Magic
  1047 | D        | Noticed a two-headed ogre
  1053 | D        | Killed a two-headed ogre
  1217 | D        | Noticed a two-headed ogre
  1217 | D        | Noticed Erolcha
  1223 | D        | Killed a two-headed ogre
  1223 | D        | Offered knowledge of Airstrike by Vehumet.
  1223 | D        | Reached skill level 5 in Short Blades
  1223 | D        | Reached skill level 5 in Air Magic
  1223 | D        | Reached XP level 9. HP: 52/52 MP: 8/28
  1224 | D        | Killed Erolcha
  1224 | D        | Reached **** piety under Vehumet
  1224 | D        | Reached skill level 14 in Spellcasting
  1224 | D        | Reached skill level 5 in Earth Magic
  1230 | D        | Learned a level 4 spell: Airstrike
  1333 | D        | Offered knowledge of Iskenderun's Mystic Blast by Vehumet.
  1682 | D        | Noticed a queen bee
  1687 | D        | Killed a queen bee
  1695 | D        | Reached ***** piety under Vehumet
  1695 | D        | Offered knowledge of Venom Bolt by Vehumet.
  1715 | D        | Reached skill level 5 in Fighting
  1715 | D        | Reached skill level 5 in Armour
  1886 | D        | Offered knowledge of Lee's Rapid Deconstruction by Vehumet.
  2217 | D        | Reached skill level 15 in Spellcasting
  2217 | D        | Reached XP level 10. HP: 59/59 MP: 18/31
  2223 | D        | Reached skill level 10 in Fire Magic
  2223 | D        | Offered knowledge of Conjure Ball Lightning by Vehumet.
  2469 | D        | Killed an eight-headed hydra
  2503 | D        | Killed an eight-headed hydra
  2629 | D        | Reached ****** piety under Vehumet
  2674 | D        | Offered knowledge of Ozocubu's Refrigeration by Vehumet.
  2769 | D        | Noticed a spiny frog
  2769 | D        | Noticed a spiny frog
  2771 | D        | Killed a spiny frog
  2771 | D        | Reached skill level 10 in Conjurations
  2772 | D        | Killed a spiny frog
  2802 | D        | Reached skill level 16 in Spellcasting
  2833 | D        | Offered knowledge of Freezing Cloud by Vehumet.
  2955 | D        | Noticed a lindwurm
  2957 | D        | Killed a lindwurm
  2982 | D        | Noticed Urug
  2987 | D        | Killed Urug
  2987 | D        | Reached XP level 11. HP: 59/65 MP: 9/33
  3098 | D        | Learned a level 6 spell: Freezing Cloud
  3125 | D        | Offered knowledge of Spellforged Servitor by Vehumet.
  3221 | D        | Reached skill level 1 in Ice Magic
  3372 | D        | Noticed Rupert
  3389 | D        | Killed Rupert
  3389 | D        | Reached skill level 10 in Dodging
  3389 | D        | Reached skill level 17 in Spellcasting
  3527 | D        | Noticed a death yak
  3529 | D        | Noticed a death yak
  3530 | D        | Noticed a death yak
  3532 | D        | Killed a death yak
  3534 | D        | Killed a death yak
  3534 | D        | Offered knowledge of Bolt of Cold by Vehumet.
  3536 | D        | Noticed a death yak
  3538 | D        | Killed a death yak
  3547 | D        | Killed a death yak
  3601 | D        | Noticed an azure jelly
  3601 | D        | Noticed an azure jelly
  3790 | D        | Noticed a kraken
  3811 | D        | Killed a kraken
  3811 | D        | Reached skill level 18 in Spellcasting
  3811 | D        | Reached XP level 12. HP: 49/72 MP: 2/36
  3955 | D        | Offered knowledge of Glaciate by Vehumet.
  3955 | D        | Offered knowledge of Tornado by Vehumet.
  3955 | D        | Offered knowledge of Ignition by Vehumet.
  3955 | D        | Reached skill level 5 in Ice Magic
  4006 | D        | Noticed an alligator snapping turtle
  4196 | D        | Killed an alligator snapping turtle
  4196 | D        | Reached skill level 10 in Poison Magic
  4446 | D        | Noticed an alligator snapping turtle
  4462 | D        | Killed an alligator snapping turtle
  4477 | D        | Found Soylit's Gadget Shoppe.
  4477 | D        | Found Nerch's Distillery.
  4477 | D        | Found Ablokave's Antique Weapon Shop.
  4487 | D        | Got a barnacled rune of Zot
  4516 | D        | Noticed an azure jelly
  4516 | D        | Noticed an azure jelly
  4541 | D        | Noticed a dire elephant
  4541 | D        | Noticed a dire elephant
  4541 | D        | Noticed Gastronok
  4547 | D        | Killed Gastronok
  4570 | D        | Killed a dire elephant
  4862 | D        | Slain by a dire elephant

Vault maps used:
D:        dungeon_sprint_mu

Skill      XL: |  1  2  3  4  5  6  7  8  9 10 11 12 |
---------------+-------------------------------------+-----
Spellcasting   | 6 8 10 12 13 15 16 18 | 18.9
Conjurations   | 3 4 5 7 8 9 10 11 12 | 12.1
Fire Magic     | 4 5 6 8 9 10 11 12 | 12.3
Fighting       | 2 3 4 5 6 7 8 |  8.1
Short Blades   | 3 4 5 6 7 9 |  9.6
Armour         | 2 3 4 5 6 7 8 |  8.1
Dodging        | 4 5 6 8 9 11 | 11.7
Air Magic      | 3 4 5 6 7 9 |  9.6
Poison Magic   | 3 4 5 6 8 9 10 | 10.4
Earth Magic    | 2 4 5 7 9 |  9.9
Ice Magic      | 4 6 |  6.2
Stealth        | |  2.4

Action                   |  1- 3 |  4- 6 |  7- 9 | 10-12 || total
-------------------------+-------+-------+-------+-------++-------
Melee: Dagger            |       |       |     1 |    15 ||    16
Throw: Throwing net      |       |       |       |     2 ||     2
 Cast: Flame Tongue      |    10 |    11 |    42 |    24 ||    87
       Conjure Flame     |       |     2 |     9 |    10 ||    21
       Throw Flame       |       |     1 |       |     6 ||     7
       Sticky Flame      |       |     3 |     9 |    12 ||    24
       Mephitic Cloud    |       |     1 |     2 |     2 ||     5
       Inner Flame       |       |       |     8 |     3 ||    11
       Fireball          |       |       |     1 |     3 ||     4
       Bolt of Magma     |       |       |    10 |    53 ||    63
       Iron Shot         |       |       |     2 |    13 ||    15
       Freezing Cloud    |       |       |       |     4 ||     4
  Use: Scroll            |       |     7 |     1 |     1 ||     9
       Potion            |       |     3 |       |     1 ||     4
 Stab: Sleeping          |       |       |       |     1 ||     1
  Eat: Chunk             |       |       |     2 |     3 ||     5
       Ration            |       |       |     1 |     2 ||     3
Armor: Leather armour    |       |       |       |     2 ||     2
Dodge: Dodged            |       |       |    14 |    20 ||    34

Table legend:
 A = Non-vault XP
 B = Vault XP
 C = Vault XP percentage of total XP
 D = Non-vault monster count
 E = Vault monster count
 F = Vault count percentage of total count
 G = Total turns spent on level
                 A         B        C        D         E       F
            +---------+---------+-------+---------+---------+-------
      Total |       0 |   31625 | 100.0 |       0 |     102 | 100.0
            +---------+---------+-------+---------+---------+-------
          D |       0 |   31625 | 100.0 |       0 |     102 | 100.0
            +---------+---------+-------+---------+---------+-------
